 Dungeon Crawl Stone Soup version 0.32-a0-711-g016ad743e0 (webtiles) character file.

Game seed: 5025185621069187090

155 hikkokomori the Trooper (level 5, 0/41 HPs)
             Began as a Coglin Gladiator on Mar 15, 2024.
             Incinerated by a bombardier beetle (4 damage)
             ... with a burning spray
             ... on level 4 of the Dungeon.
             The game lasted 00:03:39 (2104 turns).

hikkokomori the Trooper (Coglin Gladiator)          Turns: 2104, Time: 00:03:40

Health: 0/41       AC:  4    Str: 17    XL:     5   Next: 37%
Magic:  5/5        EV: 11    Int:  7    God:
Gold:   109        SH:  0    Dex: 15    Spells: 4/4 levels left

rFire   . . .        j - +1 hand axe (flame) {Citlalmina}
rCold   . . .        o - +1 short sword (venom) {Chang}
rNeg    . . .        b - +0 leather armour
rPois   .            c - +0 helmet
rElec   .            (no cloak)
rCorr   .            (no gloves)
SInv    .            (no boots)
Will    .....        (amulet unavailable)
Stlth   +            (ring unavailable)
HPRegen 0.26/turn    (ring unavailable)
MPRegen 0.09/turn    (no gizmo)

%: no passive effects
@: on fire, glowing, revving
A: off-hand wielding, slow wielding, warmup strikes, no jewellery
a: Invent Gizmo


You were on level 4 of the Dungeon.
You visited 1 branch of the dungeon, and saw 4 of its levels.

You collected 109 gold pieces.

Inventory:

Hand Weapons
 a - a +0 long sword {Suthep}
 f - a +0 dagger {Heidi}
 j - a +1 hand axe of flaming (weapon) {Citlalmina}
 o - a +1 short sword of venom (offhand) {Chang}
Missiles
 d - 3 throwing nets (quivered)
 e - 9 javelins
Armour
 b - a +0 leather armour (worn)
 c - a +0 helmet (worn)
Wands
 k - a wand of mindburst (15)
Scrolls
 g - 4 scrolls of identify {unknown}
 h - 3 scrolls of enchant armour {unknown}
 l - a scroll of fear {unknown}
 m - a scroll of poison {unknown}
 q - a scroll of enchant weapon {unknown}
Potions
 i - a potion of attraction {unknown}
 n - a potion of curing {unknown}
 p - a potion of degeneration {unknown}


   Skills:
 + Level 3.3 Fighting
 + Level 2.2(2.9) Short Blades
 - Level 3.0(3.5) Long Blades
 + Level 1.6 Axes
 - Level 2.0 Throwing
 - Level 2.7 Dodging
 + Level 2.3 Evocations


You had 4 spell levels left.
You didn't know any spells.
Your spell library contained the following spells:

 Spells                   Type           Power      Damage    Failure   Level
 Lesser Beckoning         Tloc           0%         N/A       65%         2
 Call Canine Familiar     Summ           0%         N/A       86%         3
 Gell's Gravitas          Tloc           0%         N/A       86%         3
 Sigil of Binding         Hex            0%         N/A       86%         3
 Teleport Other           Tloc           0%         N/A       86%         3
 Dimensional Bullseye     Hex/Tloc       0%         N/A       99%         4


Dungeon Overview and Level Annotations

Branches:
Dungeon (4/15)
 Temple: D:4-7

Altars:


Innate Abilities, Weirdness & Mutations

You can wield a second weapon in your off-hand.
It takes a long time for you to wield or remove held weapons.
Your first few attacks do less damage.
You cannot equip rings or amulets.


Message History

You are too injured to fight recklessly!
You are too injured to fight recklessly!
You are too injured to fight recklessly!
You are too injured to fight recklessly!
You are too injured to fight recklessly!
You are too injured to fight recklessly!
You are too injured to fight recklessly!
You are too injured to fight recklessly!
You are too injured to fight recklessly!
You are too injured to fight recklessly!
You are too injured to fight recklessly!
You are too injured to fight recklessly!
You are too injured to fight recklessly!
You are too injured to fight recklessly!
You are too injured to fight recklessly!
You are too injured to fight recklessly!
You hit the bombardier beetle but do no damage.
The bombardier beetle is heavily wounded.
You hit the gnoll but do no damage.
You closely miss the bombardier beetle with your +1 short sword of venom.
The liquid fire burns you!
The bombardier beetle bites you but does no damage.
The gnoll hits you from afar with a +0 spear.
The gnoll closely misses you.
You hit the bombardier beetle with your +1 short sword of venom.
The bombardier beetle is almost dead.
You slash the bombardier beetle with your +1 hand axe of flaming!
You burn the bombardier beetle.
You kill the bombardier beetle!
You hit the gnoll with your +1 hand axe of flaming.
You burn the gnoll. The liquid fire burns you!
* * * LOW HITPOINT WARNING * * *
The gnoll hits you from afar with a +0 spear.
* * * LOW HITPOINT WARNING * * *
The gnoll barely misses you.
Okay, then.
You shake off some of the fire as you move.
The liquid fire burns you!
You die...

### #.#
#################.#
#.................#
######.###############.##
#........@.............†..
#)#####g###############.##
#g# ######.## #g#
.......... #g# #######.##
#.# #.# ... #.# .! #.# ..#


You could see a gnoll.

Vanquished Creatures
  A bombardier beetle (D:4)
  5 adders
  6 dart slugs
  A ribbon worm (D:2)
  5 ball pythons
  7 bats
  3 endoplasms
  3 giant cockroaches
  6 goblins
  5 hobgoblins
  2 jackals (D:2)
  10 kobolds
  4 frilled lizards
  7 rats
65 creatures vanquished.

Notes
Turn   | Place    | Note
-------+----------+-------------------------------------------
     0 | D:1      | hikkokomori the Coglin Gladiator began the quest for the
                  | Orb.
     0 | D:1      | Reached XP level 1. HP: 16/16 MP: 1/1
    81 | D:1      | Reached XP level 2. HP: 22/22 MP: 2/2
   187 | D:1      | Reached skill level 1 in Short Blades
   529 | D:1      | Reached XP level 3. HP: 28/28 MP: 3/3
   754 | D:2      | Reached skill level 1 in Evocations
   822 | D:2      | Reached XP level 4. HP: 28/34 MP: 4/4
  1274 | D:2      | Reached skill level 1 in Axes
  1764 | D:3      | Reached XP level 5. HP: 39/41 MP: 5/5
  2104 | D:4      | Incinerated by a bombardier beetle

Illustrated notes

Levels and vault maps discovered:
D:1:      dpeg_arrival_short_road, layout_rooms, hangedman_decor_points
D:2:      layout_loops_cross, minmay_strange_pillars
D:3:      layout_loops_ring, nicolae_houndstooth_variations
D:4:      layout_basic, lexackson_kobold_supper, uniq_menkaure

Skill      XL: |  1  2  3  4 |
---------------+-------------+-----
Throwing       | 2 |  2.0
Short Blades   | 1 2 |  2.2
Evocations     | 1 2 |  2.3
Fighting       | 3 |  3.3
Axes           | 1 |  1.6
Long Blades    | |  3.0
Dodging        | |  2.7

Action                     |  1- 3 |  4- 6 || total
---------------------------+-------+-------++-------
  Melee: Long sword        |    47 |       ||    47
         Dagger            |    80 |    18 ||    98
         Hand axe          |    40 |    50 ||    90
         Short sword       |       |    31 ||    31
 Armour: Leather armour    |    56 |    30 ||    86
  Dodge: Dodged            |    60 |    39 ||    99

Table legend: (Time is in decaauts)
 A = Elapsed time spent in this place.
 B = Non-inter-level travel time spent in this place.
 C = Inter-level travel time spent in this place.
 D = Time resting spent in this place.
 E = Time spent auto-exploring this place.
 F = Levels seen in this place.
 G = Mean time per level.
                   A        B        C        D        E       F      G
               +--------+--------+--------+--------+--------+-----+--------+
         Total |   2113 |   2042 |     71 |      0 |   1662 |   4 |  528.2 |
       Dungeon |   2113 |   2042 |     71 |      0 |   1662 |   4 |  528.2 |
               +--------+--------+--------+--------+--------+-----+--------+

Top non-repeatable levels by time:
     D:2: 772 daAuts
     D:3: 689 daAuts
     D:1: 597 daAuts
     D:4: 54 daAuts
